 Dungeon Crawl Stone Soup version 0.29.1-2-gbd0b4ee654 (webtiles) character file.

Game seed: 15147177097215353390

20779 DemonSlayer the Thaumaturge (level 12, -4/83 HPs)
             Began as a Demonspawn Fire Elementalist on Nov 23, 2022.
             Was the Champion of Cheibriados.
             Slain by a black mamba (37 damage)
             ... on level 3 of the Lair of Beasts.
             The game lasted 00:49:02 (14405 turns).

DemonSlayer the Thaumaturge (DsFE)                 Turns: 14405, Time: 00:49:03

Health: -4/83      AC: 12    Str: 30    XL:     12   Next: 48%
Magic:  1/35       EV:  2    Int: 31    God:    Cheibriados [******]
Gold:   620        SH:  0    Dex: 28    Spells: 10/31 levels left

rFire   . . .      SeeInvis .   j - +7 hammer of Indomitability {venom, rC+ rCorr Int-3}
rCold   + + .      Faith    .   w - +5 buckler of Fortitude {rC+}
rNeg    . . .      Spirit   .   s - +0 steam dragon scales
rPois   .          Reflect  .   D - +0 hat {Int+3}
rElec   .          Harm     .   k - +0 cloak
rCorr   +          Rampage  .   (no gloves)
Will    .....                   q - +0 pair of boots
Stlth   +++.......              M - amulet of regeneration
HPRegen 1.03/turn               f - +4 ring of protection
MPRegen 0.24/turn               A - ring of magical power

@: sleeping, very slow
A: hooves 2, horns 2, spiny 1, condensation shield, weakness stinger 1
a: Renounce Religion, Bend Time, Temporal Distortion, Slouch, Step From Time


You were on level 3 of the Lair of Beasts.
You worshipped Cheibriados.
Cheibriados was exalted by your worship.
You visited 2 branches of the dungeon, and saw 11 of its levels.

You collected 910 gold pieces.
You spent 290 gold pieces at shops.

Inventory:

Hand Weapons
 c - a +0 longbow
 j - the +7 hammer of Indomitability (weapon) {venom, rC+ rCorr Int-3}
   (You found it on level 2 of the Dungeon)

   It poisons the flesh of those it strikes.
   Int:       It affects your intelligence (-3).
   rC:        It protects you from cold.
   rCorr:     It protects you from acid and corrosion.
Missiles
 G - 3 curare-tipped darts
 L - a throwing net
Armour
 k - a +0 cloak (worn)
 o - the +1 ring mail of Makhleb {rCorr}
   (You found it on level 3 of the Dungeon)

   rCorr:     It protects you from acid and corrosion.
 q - a +0 pair of boots (worn)
 s - +0 steam dragon scales (worn)
 w - the +5 buckler of Fortitude (worn) {rC+}
   (You acquired it on level 7 of the Dungeon)

   rC:        It protects you from cold.
 D - a +0 hat of intelligence (worn)
 I - a +1 scale mail of positive energy
Jewellery
 f - a +4 ring of protection (left hand)
 h - a ring of willpower
 A - a ring of magical power (right hand)
 F - a ring of resist corrosion
 M - an amulet of regeneration (around neck)
Wands
 b - a wand of roots (3)
 y - a wand of flame (1)
 z - a wand of paralysis (12)
 N - a wand of polymorph (15)
Scrolls
 a - 2 scrolls of teleportation
 d - 4 scrolls of blinking
 e - 2 scrolls of fear
 l - 2 scrolls of magic mapping
 m - 6 scrolls of enchant armour
 n - 3 scrolls of poison {unknown}
 t - 3 scrolls of amnesia {unknown}
 v - 3 scrolls of immolation
 J - a scroll of noise {unknown}
Potions
 g - 3 potions of lignification
 i - 2 potions of curing
 p - 2 potions of ambrosia
 u - a potion of cancellation {unknown}
 x - a potion of brilliance {unknown}
 B - 2 potions of mutation
 C - 2 potions of might {unknown}
 E - 2 potions of attraction {unknown}
 H - 2 potions of flight {unknown}
Miscellaneous
 K - a tin of tremorstones (2/2)


   Skills:
 + Level 3.8 Fighting
 + Level 6.2 Maces & Flails
 + Level 2.5 Ranged Weapons
 + Level 0.4 Throwing
 + Level 4.5 Armour
 + Level 4.9 Dodging
 + Level 3.6 Stealth
 + Level 4.8 Shields
 + Level 10.3 Spellcasting
 + Level 6.3 Conjurations
 + Level 0.8 Transmutations
 + Level 9.2 Fire Magic
 + Level 0.1 Air Magic
 + Level 4.2 Earth Magic
 + Level 0.2 Poison Magic
 + Level 0.7 Evocations


You had 10 spell levels left.
You knew the following spells:

 Your Spells              Type           Power      Damage    Failure   Level
a - Foxfire               Conj/Fire      100%       2x1d9     1%          1
b - Scorch                Fire           100%       2d10      1%          2
c - Stone Arrow           Conj/Erth      98%        3d13      1%          3
d - Conjure Flame         Conj/Fire      59%        6-21      1%          3
e - Ensorcelled Hibernat  Hex/Ice        30%        N/A       6%          2
f - Flame Wave            Conj/Fire      59%        2d14      1%          4
g - Ignite Poison         Fire/Tmut/Pois 37%        N/A       3%          3
h - Mephitic Cloud        Conj/Pois/Air  29%        N/A       4%          3

Your spell library contained the following spells:

 Spells                   Type           Power      Damage    Failure   Level
 Inner Flame              Hex/Fire       44%        N/A       1%          3
 Passwall                 Tmut/Erth      25%        N/A       2%          2
 Freeze                   Ice            60%        1d8       4%          1
 Gell's Gravitas          Tloc           15%        N/A       12%         3
 Lesser Beckoning         Tloc           15%        N/A       12%         3
 Ozocubu's Armour         Ice            15%        N/A       12%         3
 Swiftness                Air            16%        N/A       12%         3
 Teleport Other           Tloc           15%        N/A       12%         3
 Animate Armour           Summ/Erth      58%        N/A       17%         4
 Ice Form                 Ice/Tmut       18%        N/A       32%         4
 Olgreb's Toxic Radiance  Pois           17%        N/A       36%         4
 Summon Lightning Spire   Summ/Air       16%        N/A       36%         4
 Freezing Cloud           Conj/Ice/Air   14%        6-21      43%         5
 Metabolic Englaciation   Hex/Ice        7%         N/A       75%         5
 Summon Forest            Summ/Tloc      7%         N/A       75%         5
 Summon Mana Viper        Hex/Summ       15%        N/A       75%         5
 Dispersal                Tloc           7%         N/A       99%         6
 Simulacrum               Ice/Necr       7%         N/A       99%         6
 Summon Cactus Giant      Summ           7%         N/A       99%         6
 Ignition                 Fire           32%        3d10      99%         8
 Ozocubu's Refrigeration  Ice            7%         4d9       100%        7
 Storm Form               Tmut/Air       9%         N/A       100%        7
 Lehudib's Crystal Spear  Conj/Erth      24%        10d7      100%        8
 Maxwell's Capacitive Co  Air            8%         โˆž       100%        8


Dungeon Overview and Level Annotations

Branches:
Dungeon (8/15)             Temple (0/1) D:7            Lair (2/5) D:8
 Shoals (0/4) Lair:2
  Snake: Lair:2-3    Spider: Lair:2-3

Altars:
Ashenzari
Cheibriados
Kikubaaqudgha
Nemelex Xobeh
Okawaru
Sif Muna
Uskayaw
Xom

Shops:
D:1 [   D:2 !

Annotations:
Lair:3 Nessos


Innate Abilities, Weirdness & Mutations

You have hoof-like feet.
You have a pair of horns on your head.
You are partially covered in sharp spines.
A meltable shield of frost defends you. (SH +0)
You have a small tail.


Message History

Confirm with . or Enter, or press ? or * to list all spells.
Aiming: Mephitic Cloud (dangerous; 4% risk of failure)
Press: ? - help, Shift-Dir - straight line, f - Nessos
Aim: Nessos, wielding a +1 longbow of flaming and wearing a +0 barding (moderately wounded, fast, more vulnerable to fire, chance to affect: 58%)
The ball explodes into a vile cloud!
The stinking cloud engulfs Nessos but does no damage.
Nessos is moderately wounded.
You hear a bleat! x2; You hear a croak.
You hear an angry hiss.
You hear a bellow! x2
You block the black mamba's attack.
Nessos is engulfed in noxious fumes.
Nessos appears confused.
A dream sheep comes into view.
The black mamba closely misses you.
Nessos is engulfed in noxious fumes.
Nessos appears confused.
Nessos unwields a +1 longbow of flaming.
It stops flaming.
Nessos is struck by your spines. Nessos completely misses you.
Nessos kicks you but does no damage. The black mamba completely misses you.
You block the black mamba's attack.
The dream sheep ruffles its wool and motes of dream dust sparkle, to no effect.
The black mamba bites you.
You are poisoned.
The black mamba poisons you!
The dream sheep ruffles its wool and motes of dream dust sparkle, to no effect.
Okay, then.
You feel better. The black mamba barely misses you. The black mamba bites you!
You thump the black mamba!
The black mamba is severely wounded.
Nessos is no longer more vulnerable to fire.
You block the black mamba's attack.
The black mamba is struck by your spines.
The black mamba closely misses you.
A dream sheep comes into view. x2
Nessos says, "Why is everything spinning?"
As you read the scroll of butterflies, it crumbles to dust.
You hear the tinkle of a tiny bell.
You block the black mamba's attack.
The dream sheep shake their wool and sparkle.
You feel drowsy...
You fall asleep.
The black mamba is struck by your spines.
The black mamba bites you!!!
You die... ... .... ..# #..## ..##..P## .PP....
PP.c.

P..## ##bbb# .
#Sbb##....
.....ยง#@bb.....
..... #bbb.Y...
#P##


bbbP...Y. # #.โ—‹..##.#. ...โ—‹.# .# ....... Y ........ .........# You could see
Nessos (fast, confused, ally target), a black mamba (ally target) and 3 dream
sheep.

Vanquished Creatures
  Gastronok (D:8)
  3 hydras
  A two-headed ogre (D:6)
  3 black mambas
  4 cane toads
  A komodo dragon (Lair:2)
  A polar bear (Lair:1)
  3 blink frogs (Lair:1)
  Sigmund (D:3)
  A shadow (D:8)
  A basilisk (Lair:1)
  35 yaks
  The ghost of FizzleBangTC the Digger, an amateur MeEE of Kikubaaqudgha (D:5)
  A steam dragon (D:6)
  Edmund (D:6)
  25 water moccasins
  Duvessa (D:7)
  2 ice beasts (D:8)
  2 sky beasts
  An orc warrior (D:6)
  6 black bears
  9 wolves (Lair:1)
  4 ogres
  3 centaurs
  A phantom (D:6)
  8 bullfrogs
  3 kobold brigands (D:8)
  A necrophage (D:5)
  3 scorpions
  10 wights
  Dowan (D:7)
  10 killer bees
  An electric eel (Lair:2)
  A howler monkey (D:6)
  A crimson imp (D:4)
  3 jellies
  4 hounds
  5 orc priests
  Crazy Yiuf (D:2)
  2 gnoll boudas (D:7)
  Ijyb (D:3)
  Natasha (thrice) (D:3)
  An iguana (D:6)
  6 orc wizards
  23 adders
  9 gnolls
  3 shadow imps
  3 white imps
  2 ufetubi
  3 worms (D:2)
  35 orcs
  11 ball pythons
  5 endoplasms
  3 giant cockroaches
  7 goblins
  4 hobgoblins
  3 jackals (D:3)
  26 kobolds
  5 quokkas
  7 bats
  A frilled lizard (D:3)
  3 rats
330 creatures vanquished.

Vanquished Creatures (others)
  383 foxfires
  80 fungi
  68 plants
531 creatures vanquished.

Grand Total: 861 creatures vanquished

Notes
Turn   | Place    | Note
-------+----------+-------------------------------------------
     0 | D:1      | DemonSlayer the Demonspawn Fire Elementalist began the
                  | quest for the Orb.
     0 | D:1      | Reached XP level 1. HP: 13/13 MP: 3/3
   356 | D:1      | Discovered your monstrous ancestry.
   356 | D:1      | Gained mutation: You have a pair of small horns on your
                  | head. [demonic ancestry]
   356 | D:1      | Reached XP level 2. HP: 19/19 MP: 5/5
   359 | D:1      | Learned a level 2 spell: Scorch
   717 | D:1      | Found Gakeck's Armour Emporium.
  1202 | D:2      | Found Iminguet's Distillery.
  1237 | D:2      | Reached skill level 1 in Ranged Weapons
  1237 | D:2      | Gained mutation: You have large cloven feet. [demonic
                  | ancestry]
  1237 | D:2      | Reached XP level 3. HP: 24/24 MP: 1/6
  1686 | D:2      | Got the Handbook of the Manifold Nights
  1734 | D:2      | Found a runed translucent door.
  1734 | D:2      | Identified the +7 hammer of Indomitability {venom, rC+
                  | rCorr Int-3}
  1735 | D:2      | Noticed Crazy Yiuf
  2156 | D:2      | Killed Crazy Yiuf
  2157 | D:2      | Reached XP level 4. HP: 30/30 MP: 0/7
  2524 | D:3      | Noticed Sigmund
  3255 | D:3      | Noticed Natasha
  3267 | D:3      | Killed Natasha
  3268 | D:3      | Gained mutation: You are partially covered in sharp spines.
                  | [demonic ancestry]
  3268 | D:3      | Reached XP level 5. HP: 22/36 MP: 1/8
  3281 | D:3      | Noticed Ijyb
  3293 | D:3      | Killed Ijyb
  3778 | D:3      | Identified the +1 ring mail of Makhleb {rCorr}
  3887 | D:3      | Reached skill level 1 in Fighting
  3994 | D:3      | Identified the +1 robe "Burchol" {Str+6 Dex-3}
  4195 | D:3      | Reached skill level 3 in Spellcasting
  4333 | D:3      | Found a snail-covered altar of Cheibriados.
  4341 | D:3      | Became a worshipper of Cheibriados the Contemplative
  4460 | D:3      | Killed Sigmund
  4461 | D:3      | Gained mutation: You have a pair of horns on your head.
                  | [demonic ancestry]
  4461 | D:3      | Reached XP level 6. HP: 18/43 MP: 1/11
  4737 | D:3      | Noticed Natasha
  4744 | D:3      | Killed Natasha
  4795 | D:3      | Learned a level 3 spell: Stone Arrow
  4799 | D:3      | Learned a level 3 spell: Conjure Flame
  4802 | D:3      | Learned a level 2 spell: Ensorcelled Hibernation
  4908 | D:3      | Noticed Natasha
  4914 | D:3      | Killed Natasha
  4915 | D:3      | Reached skill level 1 in Armour
  5035 | D:4      | Reached skill level 4 in Spellcasting
  5035 | D:4      | Reached XP level 7. HP: 16/48 MP: 1/13
  5597 | D:4      | Reached * piety under Cheibriados
  6298 | D:4      | Learned a level 4 spell: Flame Wave
  6361 | D:2      | Bought a potion of heal wounds for 50 gold pieces
  6361 | D:2      | Bought a potion of mutation for 80 gold pieces
  6361 | D:2      | Bought a potion of heal wounds for 50 gold pieces
  6361 | D:2      | Bought a potion of mutation for 80 gold pieces
  6361 | D:2      | Bought a potion of curing for 30 gold pieces
  6414 | D:5      | Entered Level 5 of the Dungeon
  6508 | D:5      | Reached skill level 1 in Maces & Flails
  6508 | D:5      | Reached skill level 5 in Fire Magic
  6508 | D:5      | Reached XP level 8. HP: 53/54 MP: 10/15
  6625 | D:5      | Identified the +2 helmet of Veosyk {rPois rC+ Stlth-}
  6940 | D:5      | Reached skill level 5 in Spellcasting
  7115 | D:5      | Found a large runed translucent door.
  7115 | D:5      | Found a large runed translucent door.
  7119 | D:5      | Noticed FizzleBangTC's ghost (amateur MeEE)
  7391 | D:5      | Reached ** piety under Cheibriados
  7649 | D:5      | You fall into a shaft and drop 3 floors!
  7813 | D:8      | Reached skill level 6 in Spellcasting
  8046 | D:8      | Reached XP level 9. HP: 28/59 MP: 1/18
  8427 | D:8      | Noticed Gastronok
  8431 | D:8      | Reached skill level 1 in Shields
  8436 | D:8      | Reached skill level 7 in Spellcasting
  8686 | D:8      | Reached *** piety under Cheibriados
  8748 | D:8      | Found a staircase to the Lair.
  8789 | D:8      | Gained mutation: A meltable shield of frost defends you.
                  | (SH +0) [demonic ancestry]
  8789 | D:8      | Reached XP level 10. HP: 35/68 MP: 2/21
  9400 | D:7      | Reached **** piety under Cheibriados
  9401 | D:7      | Reached skill level 8 in Spellcasting
  9425 | D:7      | Identified a scroll of acquirement
  9426 | D:7      | Acquired the +5 buckler of Fortitude {rC+}
 10390 | D:6      | Found an iron altar of Okawaru.
 10449 | D:6      | Noticed Edmund
 10457 | D:6      | Killed Edmund
 10999 | D:6      | Noticed a two-headed ogre
 11007 | D:6      | Killed a two-headed ogre
 11127 | D:6      | Reached ***** piety under Cheibriados
 11174 | D:6      | Learned a level 3 spell: Ignite Poison
 11178 | D:6      | Learned a level 3 spell: Mephitic Cloud
 11422 | D:5      | Killed FizzleBangTC's ghost
 11641 | D:7      | Found a staircase to the Ecumenical Temple.
 11658 | D:7      | Noticed Duvessa
 11658 | D:7      | Noticed Dowan
 11667 | D:7      | Killed Duvessa
 11668 | D:7      | Reached skill level 1 in Earth Magic
 11675 | D:7      | Killed Dowan
 11779 | D:7      | Found an ancient bone altar of Kikubaaqudgha.
 11779 | D:7      | Found a sparkling altar of Nemelex Xobeh.
 11779 | D:7      | Found a hide-covered altar of Uskayaw.
 11779 | D:7      | Found a broken altar of Ashenzari.
 11792 | D:7      | Found a shimmering altar of Xom.
 11962 | D:7      | Gained mutation: You have hoof-like feet. [demonic
                  | ancestry]
 11962 | D:7      | Reached XP level 11. HP: 75/75 MP: 20/23
 12412 | D:8      | Identified the +2 helmet of the Hidden Vale {*Slow Int+9
                  | Dex+2 SInv}
 12803 | D:8      | Killed Gastronok
 12804 | D:8      | Reached skill level 9 in Spellcasting
 12931 | D:8      | Found a shimmering blue altar of Sif Muna.
 12976 | Lair:1   | Entered Level 1 of the Lair of Beasts
 12985 | Lair:1   | Reached skill level 5 in Conjurations
 13132 | Lair:1   | Reached skill level 5 in Maces & Flails
 13391 | Lair:1   | Reached ****** piety under Cheibriados
 13398 | Lair:1   | Noticed a death yak
 13399 | Lair:1   | Noticed a death yak
 13411 | Lair:1   | Noticed a death yak
 13439 | Lair:2   | Gained mutation: You have a small tail. [demonic ancestry]
 13439 | Lair:2   | Reached XP level 12. HP: 71/83 MP: 2/25
 14169 | Lair:2   | Noticed an eight-headed hydra
 14185 | Lair:2   | Killed an eight-headed hydra
 14186 | Lair:2   | Reached skill level 10 in Spellcasting
 14356 | Lair:2   | Found a staircase to the Shoals.
 14379 | Lair:2   | You fall into a shaft and drop 1 floor!
 14379 | Lair:3   | Noticed a four-headed hydra
 14380 | Lair:3   | Noticed Nessos
 14390 | Lair:3   | Killed a four-headed hydra
 14390 | Lair:3   | Noticed a four-headed hydra
 14396 | Lair:3   | Killed a four-headed hydra
 14405 | Lair:3   | Slain by a black mamba

Illustrated notes

Levels and vault maps discovered:
D:1:      lemuel_arrival_river_bridge, layout_rooms, serial_shops, shop,
          minmay_misc_feat_plants
D:2:      minmay_door_path, layout_basic, serial_shops, shop, serial_glass,
          glass_columns_a, glass_columns_c, kennysheep_nub,
          uniq_crazy_yiuf_cottage
D:3:      wad_river_or_something, layout_rooms,
          mainiacjoe_overflow_concentric_impassable,
          chequers_serial_rivers_large_a, uniq_natasha, uniq_ijyb, uniq_sigmund
D:4:      cheibrodos_pilgrimage, layout_basic, minmay_fire_ice_demons
D:5:      layout_basic, lemuel_tele_altar, ebering_ghost_disaster_area,
          serial_curves, eino_curves_03, eino_curves_02, eino_curves_01,
          kennysheep_small_spiral, hangedman_decor_peaks_small,
          kennysheep_generic_room_6
D:6:      minmay_inner_zag, layout_cave_pods, okawaru_metal_pillars_3,
          uniq_edmund
D:7:      layout_basic, minmay_overflow_temple_hex,
          minmay_temple_entry_enclosed_plants, dreamdust_gnoll_shepherd,
          uniq_duvessa
D:8:      layout_basic, led_sif_pool, due_lair_maze_entry_diamond,
          uniq_gastronok
Lair:1:   layout_chaotic_city, grunt_megastairs_3
Lair:2:   lemuel_reptile_caves, layout_chaotic_city,
          minmay_shoals_entry_centaurs, bobbens_dragon_lair_wall
Lair:3:   layout_regular_city, dummy_snake_entry, uniq_snorg, uniq_nessos

Skill      XL: |  1  2  3  4  5  6  7  8  9 10 11 12 |
---------------+-------------------------------------+-----
Dodging        | 2 3 4 |  4.9
Fire Magic     | 3 4 5 6 7 8 9 |  9.2
Ranged Weapons | 1 2 |  2.5
Stealth        | 2 3 |  3.6
Fighting       | 1 2 3 |  3.8
Spellcasting   | 3 4 6 7 8 9 10 | 10.3
Armour         | 1 2 3 4 |  4.5
Conjurations   | 2 3 4 6 |  6.3
Maces & Flails | 1 2 3 4 5 6 |  6.2
Shields        | 1 2 4 |  4.8
Earth Magic    | 1 4 |  4.2
Throwing       | |  0.4
Transmutations | |  0.8
Air Magic      | |  0.1
Poison Magic   | |  0.2
Evocations     | |  0.7

Action                   |  1- 3 |  4- 6 |  7- 9 | 10-12 || total
-------------------------+-------+-------+-------+-------++-------
Melee: Mace              |     2 |    46 |    71 |   162 ||   281
       Kick              |       |    10 |       |       ||    10
       Headbutt          |       |     7 |    14 |    49 ||    70
       Tailslap          |       |       |       |     6 ||     6
 Fire: Longbow           |    50 |     3 |       |       ||    53
Throw: Dart              |       |       |       |     7 ||     7
       Throwing net      |       |       |       |     4 ||     4
 Cast: Foxfire           |    18 |    88 |    90 |    24 ||   220
       Scorch            |     9 |    17 |    60 |    75 ||   161
       Stone Arrow       |       |       |       |    95 ||    95
       Mephitic Cloud    |       |       |       |     6 ||     6
       Ignite Poison     |       |       |       |     5 ||     5
       Flame Wave        |       |       |       |     8 ||     8
Evoke: Wand              |       |       |     2 |     3 ||     5
  Use: Potion            |       |     1 |     6 |     4 ||    11
       Scroll            |       |       |     8 |    11 ||    19
 Stab: Sleeping          |       |       |     1 |     2 ||     3
       Invisible         |       |       |     1 |       ||     1
Armor: Robe              |     4 |     8 |       |       ||    12
       Ring mail         |       |    19 |    46 |    16 ||    81
       Steam dragon scal |       |       |       |    42 ||    42
Dodge: Dodged            |     5 |    38 |    57 |   146 ||   246
Block: Buckler           |       |     3 |    41 |   234 ||   278
